 Dungeon Crawl Stone Soup version 0.29-a0-1052-g6990b1bffc (webtiles) character file.

Game seed: 10929408524960361691

308 Sabo the Cudgeller (level 6, 0/38 HPs)
             Began as a Gargoyle Berserker on Aug 16, 2022.
             Was a Believer of Trog.
             Slain by Eustachio
             ... wielding a +0 rapier
              (2 damage)
             ... on level 4 of the Dungeon on Aug 17, 2022.
             The game lasted 00:21:12 (4294 turns).

Sabo the Cudgeller (Gargoyle Berserker)             Turns: 4294, Time: 00:21:13

Health: 0/38       AC: 18    Str: 22    XL:     6   Next: 40%
Magic:  6/6        EV:  8    Int:  6    God:    Trog [**....]
Gold:   46         SH:  0    Dex:  9    Spells: 5/5 levels left

rFire   . . .      SeeInvis +   h - +3 trident of Valiance {elec, rN++ Will+ Int-2 SInv}
rCold   . . .      Faith    .   (no shield)
rNeg    + + +      Spirit   .   w - +0 chain mail
rPois   ∞          Reflect  .   (no helmet)
rElec   +          Harm     .   f - +1 cloak
rCorr   +          Rampage  .   i - +0 pair of gloves
Will    +....                   q - +0 pair of boots
Stlth   ..........              (no amulet)
HPRegen 0.12/turn               l - ring of resist corrosion
MPRegen 0.10/turn               (no ring)

@: no status effects
A: sickness immunity, AC +4, negative energy resistance 1, electricity
resistance, torment resistance 1, petrification resistance
a: Renounce Religion, Berserk, Trog's Hand


You were on level 4 of the Dungeon.
You worshipped Trog.
Trog was pleased with you.
You visited 1 branch of the dungeon, and saw 4 of its levels.

You collected 224 gold pieces.
You spent 178 gold pieces at shops.

Inventory:

Hand Weapons
 a - a +0 mace
 h - the +3 trident of Valiance (weapon) {elec, rN++ Will+ Int-2 SInv}
   (You bought it in a shop on level 3 of the Dungeon)

   It occasionally discharges a powerful burst of electricity upon striking a
   foe.
   Int:       It affects your intelligence (-2).
   rN:        It greatly protects you from negative energy.
   SInv:      It lets you see invisible.
   Will:      It increases your willpower.
 j - a +0 war axe
Missiles
 c - 5 boomerangs (quivered)
 p - a throwing net
 u - 2 poisoned darts
Armour
 f - a +1 cloak (worn)
 i - a +0 pair of gloves (worn)
 q - a +0 pair of boots (worn)
 w - a +0 chain mail (worn)
Jewellery
 l - a ring of resist corrosion (left hand)
Wands
 v - a wand of quicksilver (8)
Scrolls
 b - a scroll of teleportation
 n - a scroll of blinking {unknown}
 o - a scroll of noise {unknown}
 x - a scroll of acquirement {unknown}
Potions
 d - a potion of curing {unknown}
 e - 2 potions of degeneration {unknown}
 k - a potion of resistance {unknown}
 m - a potion of attraction {unknown}
 r - a potion of mutation {unknown}
 s - a potion of ambrosia {unknown}


   Skills:
 + Level 4.2 Fighting
 + Level 5.0 Maces & Flails
 + Level 0.2 Polearms
 + Level 4.1 Armour
 + Level 2.1 Dodging
 + Level 1.6 Stealth


You had 5 spell levels left.
You didn't know any spells.
Your spell library was empty.

Dungeon Overview and Level Annotations

Branches:
Dungeon (4/15)
 Temple: D:4-7

Altars:
Qazlal

Shops:
D:3 (

Annotations:
D:4 Edmund, Eustachio


Innate Abilities, Weirdness & Mutations

You are immune to sickness and miasma.
Your stone body is resilient. (AC +4)
You are immune to poison.
You resist negative energy. (rN+)
You are resistant to electric shocks. (rElec)
You are resistant to unholy torment.
You are immune to petrification.


Message History

Eustachio is heavily wounded.
Eustachio hits you but does no damage. x2
You barely miss Eustachio.
Eustachio is heavily wounded.
Eustachio barely misses you.
You closely miss Eustachio.
Eustachio is heavily wounded.
Eustachio mumbles some strange words.
Eustachio blinks!
You barely miss the river rat.
The river rat bites you but does no damage.
You hit the river rat.
The river rat is moderately wounded.
The river rat bites you but does no damage.
Eustachio casts a spell.
Eustachio blinks!
The river rat bites you but does no damage.
You hit the river rat.
The river rat is moderately wounded.
The river rat bites you but does no damage.
You hit the river rat but do no damage.
Lightning courses through the river rat!
You kill the river rat!
The river rat's corpse disappears in a puff of smoke!
You hit Eustachio.
Eustachio is heavily wounded.
Eustachio hits you but does no damage. x2
You hit Eustachio.
Eustachio is heavily wounded.
Eustachio hits you with a +0 rapier.
* * * LOW HITPOINT WARNING * * *
You completely miss Eustachio.
Eustachio is heavily wounded.
Eustachio hits you with a +0 rapier!
* * * LOW HITPOINT WARNING * * *
You hit Eustachio.
Eustachio is severely wounded.
Eustachio casts a spell.
Eustachio hits you with a +0 rapier.
You die...

###### #....####
#....#... #>.......
###.....#
###########.......#
#..r@@rr...<#....##
#.###########....#
##.....# #..#####
#####@## #....5#
##.##### #..# ##.##


You could see Eustachio and 3 rats.

Vanquished Creatures
  2 scorpions
  A howler monkey (D:4)
  A hound (D:2)
  A jelly (D:3)
  Jessica (D:2)
  2 adders
  3 dart slugs
  2 orcs (D:3)
  2 endoplasms
  4 giant cockroaches
  2 hobgoblins
  6 ball pythons
  6 bats
  A frilled lizard (D:1)
  4 goblins
  6 kobolds
  2 rats (D:2)
46 creatures vanquished.

Vanquished Creatures (others)
  12 toadstools (D:4)
12 creatures vanquished.

Grand Total: 58 creatures vanquished

Notes
Turn   | Place    | Note
-------+----------+-------------------------------------------
     0 | D:1      | Sabo the Gargoyle Berserker began the quest for the Orb.
     0 | D:1      | Reached XP level 1. HP: 14/14 MP: 1/1
   491 | D:1      | Reached XP level 2. HP: 19/19 MP: 2/2
   843 | D:1      | Found a faded altar of an unknown god.
  2138 | D:2      | Noticed Jessica
  2155 | D:2      | Killed Jessica
  2156 | D:2      | Reached XP level 3. HP: 23/24 MP: 3/3
  2456 | D:2      | Reached skill level 1 in Stealth
  2456 | D:2      | Reached XP level 4. HP: 23/29 MP: 4/4
  2679 | D:2      | Upgraded the game from 0.29-a0-1043-g569b05d6ff to
                  | 0.29-a0-1052-g6990b1bffc
  2716 | D:2      | Reached skill level 4 in Maces & Flails
  3356 | D:3      | Found a stormy altar of Qazlal.
  3382 | D:3      | Reached XP level 5. HP: 27/33 MP: 5/5
  3684 | D:3      | Found Unezabegu's Antique Weapon Boutique.
  3847 | D:3      | Bought a brightly glowing trident for 178 gold pieces
  3847 | D:3      | Identified the +3 trident of Valiance {elec, rN++ Will+
                  | Int-2 SInv} (You bought it in a shop on level 3 of the
                  | Dungeon)
  4038 | D:4      | Noticed Edmund
  4047 | D:3      | Reached XP level 6. HP: 33/38 MP: 6/6
  4048 | D:3      | Reached ** piety under Trog
  4166 | D:4      | Reached skill level 5 in Maces & Flails
  4204 | D:4      | Noticed Eustachio
  4294 | D:4      | Slain by Eustachio

Illustrated notes

Levels and vault maps discovered:
D:1:      scummos_arrival_star, layout_basic,
          shapermc_ecumenical_altar_notcrosses
D:2:      layout_basic, uniq_jessica
D:3:      layout_rooms, grunt_qazlal_sundering, serial_shops,
          nicolae_shop_waterfront
D:4:      cheibrodos_fertilizer, layout_rooms, grunt_dithmenos_smoke,
          uniq_eustachio, uniq_sigmund, uniq_edmund

Skill      XL: |  1  2  3  4  5  6 |
---------------+-------------------+-----
Armour         | 3 4 |  4.1
Stealth        | 1 |  1.6
Maces & Flails | 4 5 |  5.0
Dodging        | 2 |  2.1
Fighting       | 4 |  4.2
Polearms       | |  0.2

Action                   |  1- 3 |  4- 6 || total
-------------------------+-------+-------++-------
Melee: Mace              |    68 |    26 ||    94
       Trident           |       |    77 ||    77
       War axe           |       |     1 ||     1
       Punch             |       |     2 ||     2
Throw: Boomerang         |       |     1 ||     1
  Use: Scroll            |     1 |     6 ||     7
Armor: Animal skin       |    11 |       ||    11
       Scale mail        |    35 |    23 ||    58
       Chain mail        |       |   163 ||   163
Dodge: Dodged            |    44 |   100 ||   144

Table legend: (Time is in decaauts)
 A = Elapsed time spent in this place.
 B = Non-inter-level travel time spent in this place.
 C = Inter-level travel time spent in this place.
 D = Time resting spent in this place.
 E = Time spent auto-exploring this place.
 F = Levels seen in this place.
 G = Mean time per level.
                   A        B        C        D        E       F      G
               +--------+--------+--------+--------+--------+-----+--------+
         Total |   4336 |   4336 |      0 |    943 |      0 |   4 | 1084.0 |
       Dungeon |   4336 |   4336 |      0 |    943 |      0 |   4 | 1084.0 |
               +--------+--------+--------+--------+--------+-----+--------+

Top non-repeatable levels by time:
     D:1: 2095 daAuts
     D:2: 1261 daAuts
     D:3: 781 daAuts
     D:4: 197 daAuts
